 Dungeon Crawl Stone Soup version 0.29.1-15-g9cfb28693d (webtiles) character file.

Game seed: 6591067354214912345

19 AppTheSpectato the Stinger (level 2, -1/19 HPs)
             Began as a Merfolk Venom Mage on Feb 24, 2023.
             Slain by an endoplasm (2 damage)
             ... on level 1 of the Dungeon.
             The game lasted 00:04:43 (438 turns).

AppTheSpectato the Stinger (Merfolk Venom Mage)      Turns: 438, Time: 00:04:46

Health: -1/19      AC:  0    Str:  8    XL:     2   Next: 75%
Magic:  3/5        EV: 13    Int: 14    God:
Gold:   67         SH:  0    Dex: 14    Spells: 2/5 levels left

rFire   . . .      SeeInvis .   d - +0 club
rCold   . . .      Faith    .   (no shield)
rNeg    . . .      Spirit   .   (no body armour)
rPois   .          Reflect  .   (helmet restricted)
rElec   .          Harm     .   (no cloak)
rCorr   .          Rampage  .   (no gloves)
Will    .....                   (no boots)
Stlth   ++........              (no amulet)
HPRegen 0.06/turn               (no ring)
MPRegen 0.09/turn               (no ring)

@: no status effects
A: (nimble swimmer 2), mertail, antennae 1, screaming 1, devolution 1
a: no special abilities


You were on level 1 of the Dungeon.
You visited 1 branch of the dungeon, and saw 1 of its levels.

You collected 67 gold pieces.

Inventory:

Hand Weapons
 d - a +0 club (weapon)
Armour
 a - a +0 robe
 c - a +1 helmet of intelligence
 h - a +0 ring mail
Scrolls
 f - a scroll of teleportation {unknown}
 g - a scroll of identify {unknown}
Potions
 b - a potion of magic


   Skills:
 + Level 3.1 Dodging
 + Level 2.5 Stealth
 + Level 2.2 Spellcasting
 + Level 2.0 Transmutations
 + Level 3.5 Poison Magic


You had 2 spell levels left.
You knew the following spells:

 Your Spells              Type           Power      Damage    Failure   Level
a - Sting                 Tmut/Pois      36%        1d4       8%          1
b - Poisonous Vapours     Pois/Air       12%        N/A       17%         2

Your spell library contained the following spells:

 Spells                   Type           Power      Damage    Failure   Level
 Mephitic Cloud           Conj/Pois/Air  4%         N/A       41%         3
 Olgreb's Toxic Radiance  Pois           11%        N/A       50%         4


Dungeon Overview and Level Annotations

Branches:
Dungeon (1/15)

Altars:


Innate Abilities, Weirdness & Mutations

((You are very nimble when in or above water. (Stealth+, EV+, Speed+++)))
Your lower body shifts to a powerful aquatic tail in water.
You have a pair of small antennae on your head.
You occasionally shout uncontrollably at your foes.
You have hidden genetic defects.


Message History

Okay, then.
The rat attacks as you move away! The rat barely misses you.
The endoplasm attacks as you move away! The endoplasm closely misses you.
The endoplasm freezes you.
You are frozen.
You see here a +0 robe.
a - a +0 robe The endoplasm freezes you.
You are frozen.
The rat barely misses you.
Casting: Poisonous Vapours (safe; 14% risk of failure)
Confirm with . or Enter, or press ? or * to list all spells.
Aiming: Poisonous Vapours (safe; 14% risk of failure)
Press: ? - help, Dir - move target, f - rat
Aim: a rat You miscast Poisonous Vapours.
You are very lightly contaminated with residual magic.
Nothing appears to happen.
The endoplasm barely misses you. The rat closely misses you.
The endoplasm jiggles.
The rat bites you. The endoplasm attacks as you move away!
The endoplasm hits you but does no damage.
The rat attacks as you move away! The rat bites you.
The endoplasm attacks as you move away! The endoplasm hits you.
* * * LOW HITPOINT WARNING * * *
The endoplasm attacks as you move away! The endoplasm hits you.
* * * LOW HITPOINT WARNING * * *
The endoplasm attacks as you move away! The endoplasm hits you.
* * * LOW HITPOINT WARNING * * *
Your magical contamination has completely faded away.
The endoplasm attacks as you move away! The endoplasm hits you.
* * * LOW HITPOINT WARNING * * *
It was a potion of mutation.
You feel extremely strange.
You feel the urge to shout.
You feel a hidden malignance growing inside you.
A pair of antennae grows on your head!
Your +1 helmet of intelligence falls away!
You feel stupid. The endoplasm hits you.
You die...

########### #.........#
#.........# #..(......#
##.......... ...........#
...........######## #
.#................######...
)#.........# #.@...#......
.# .......##.## ##.J....#
#.##.# ####.#.##.#
#..#r..####.#..# #
#.#....#####.##...# #..#..#
# #.####...#...#....#
#.....# # #.#
#...##.....###...# #.#
#...............# # . #.#
##............†..##.##..
#.#
#.................#.....


You could see an endoplasm and a rat.

Vanquished Creatures
  A gnoll (D:1)
  A bat (D:1)
  An endoplasm (D:1)
  A hobgoblin (D:1)
  A kobold (D:1)
  2 quokkas (D:1)
  A ball python (D:1)
8 creatures vanquished.

Notes
Turn   | Place    | Note
-------+----------+-------------------------------------------
     0 | D:1      | AppTheSpectato the Merfolk Venom Mage began the quest for
                  | the Orb.
     0 | D:1      | Reached XP level 1. HP: 13/13 MP: 3/3
   221 | D:1      | Reached XP level 2. HP: 19/19 MP: 3/5
   229 | D:1      | Learned a level 2 spell: Poisonous Vapours
   438 | D:1      | Gained mutation: You occasionally shout uncontrollably at
                  | your foes. [potion of mutation]
   438 | D:1      | Gained mutation: You have hidden genetic defects. [potion
                  | of mutation]
   438 | D:1      | Gained mutation: You have a pair of small antennae on your
                  | head. [potion of mutation]
   438 | D:1      | Slain by an endoplasm

Illustrated notes

Levels and vault maps discovered:
D:1:      nicolae_arrival_memento_mori, layout_rooms

Skill      XL: |  1  2 |
---------------+-------+-----
Dodging        | 3 |  3.1
Transmutations | 2 |  2.0
Stealth        | |  2.5
Spellcasting   | |  2.2
Poison Magic   | |  3.5

Action                   || total
-------------------------++-------
Melee: Unarmed           ||     2
       Club              ||    11
 Cast: Sting             ||     8
       Poisonous Vapours ||     2
  Use: Potion            ||     1
Armor: Skin              ||     3
       Robe              ||     2
       Ring mail         ||     1
Dodge: Dodged            ||    23
